 Dungeon Crawl Stone Soup version 0.22.1-6-g1668fe2 (webtiles) character file.

92993 greenice the Slayer (level 15, 0/160 (162) HPs)
             Began as a Minotaur Fighter on Jan 15, 2019.
             Was a Believer of Okawaru.
             Succumbed to poison (dark miasma)
             ... on level 14 of the Dungeon on Jan 17, 2019.
             The game lasted 01:33:30 (32916 turns).

greenice the Slayer (Minotaur Fighter)             Turns: 32916, Time: 01:33:31

HP:   0/160 (162)   AC: 32    Str: 25    XL:     15   Next: 59%
MP:   14/14         EV:  5    Int:  7    God:    Okawaru [**....]
Gold: 2141          SH: 10    Dex: 14    Spells: 14/14 levels left

rFire    . . .     SeeInvis +   y - +5 long sword "Foaneph" {protect, rC+ Int+2}
rCold    + + .     Gourm    .   c - +0 shield
rNeg     + . .     Faith    .   u - +0 plate armour
rPois    .         Spirit   .   (helmet restricted)
rElec    .         Reflect  .   O - +2 cloak {rC+}
rCorr    .         Harm     .   J - +2 pair of gloves
MR       +....                  s - +0 pair of boots {Stlth+}
Stlth    ..........             j - amulet of regeneration
HPRegen  0.76/turn              A - ring of see invisible
MPRegen  0.14/turn              R - ring of positive energy

@: lethally poisoned (0 -> -57), protection aura, slowed, drained, very slow
A: retaliatory headbutt, horns 2, mutation resistance 1, strong 1
a: Heroism, Renounce Religion


You were on level 14 of the Dungeon.
You worshipped Okawaru.
Okawaru was pleased with you.
You were not hungry.

You visited 5 branches of the dungeon, and saw 25 of its levels.
You also visited: Ice Cave.

You collected 2409 gold pieces.
You spent 268 gold pieces at shops.

Inventory:

Hand Weapons
 b - a +5 blowgun
 i - a +1 scimitar of flaming
 y - the +5 long sword "Foaneph" (weapon) {protect, rC+ Int+2}
   (You found it on level 4 of the Dungeon)

   It protects the one who uses it against injury (+AC on strike).
   It affects your intelligence (+2).
   It protects you from cold.
Armour
 c - a +0 shield (worn)
 s - a +0 pair of boots of stealth (worn)
 u - a +0 plate armour (worn)
 J - a +2 pair of gloves (worn)
 O - a +2 cloak of cold resistance (worn)
Jewellery
 j - an amulet of regeneration (around neck)
 A - a ring of see invisible (left hand)
 B - an uncursed ring of protection from fire
 G - an uncursed amulet of the acrobat
 L - an uncursed ring of ice
 M - a +2 ring of protection
 P - an uncursed ring of protection from magic
 R - a ring of positive energy (right hand)
Wands
 r - a wand of acid (21)
 t - a wand of polymorph (20)
 C - a wand of digging (27)
 D - a wand of iceblast (27)
 F - a wand of flame (15)
 I - a wand of enslavement (9)
 K - a wand of paralysis (21)
Scrolls
 d - a scroll of acquirement {unknown}
 e - 12 scrolls of identify
 h - 3 scrolls of enchant weapon
 k - 8 scrolls of remove curse
 m - 2 scrolls of teleportation
 n - a scroll of holy word
 p - 4 scrolls of enchant armour
 v - 6 scrolls of blinking
 z - 3 scrolls of magic mapping
 Q - a scroll of fear
Potions
 g - 5 potions of curing
 o - 4 potions of heal wounds
 q - 2 potions of lignification
 w - 3 potions of brilliance
 x - 4 potions of mutation
 E - 4 potions of resistance
 H - a potion of ambrosia
Comestibles
 f - 20 rations


   Skills:
 * Level 22.5(21.6) Fighting
 - Level 16.3(15.5) Long Blades
 - Level 15.0(14.3) Armour
 - Level 3.6(3.0) Shields


You had 14 spell levels left.
You didn't know any spells.
Your spell library contained the following spells:

 Spells                   Type           Power        Failure   Level  Hunger
 Animate Skeleton         Necr           N/A          100%        1    ##.....
 Apportation              Tloc           #.....       100%        1    ##.....
 Confusing Touch          Hex            #.....       100%        1    ##.....
 Corona                   Hex            #......      100%        1    ##.....
 Magic Dart               Conj           #...         100%        1    ##.....
 Pain                     Necr           #...         100%        1    ##.....
 Summon Butterflies       Summ           #.......     100%        1    ##.....
 Summon Small Mammal      Summ           #...         100%        1    ##.....
 Searing Ray              Conj           #.....       100%        2    ###....
 Slow                     Hex            #.......     100%        2    ###....
 Sublimation of Blood     Necr           #.........   100%        2    ###....
 Call Canine Familiar     Summ           #.......     100%        3    ####...
 Dazzling Spray           Conj/Hex       #.....       100%        3    ####...
 Inner Flame              Hex/Fire       #.......     100%        3    ####...
 Portal Projectile        Hex/Tloc       #.....       100%        3    ####...
 Regeneration             Chrm/Necr      #.........   100%        3    ####...
 Vampiric Draining        Necr           #.........   100%        3    ####...
 Animate Dead             Necr           N/A          100%        4    #####..
 Cause Fear               Hex            #.........   100%        4    #####..
 Force Lance              Conj/Tloc      #.......     100%        4    #####..
 Fulminant Prism          Conj/Hex       #.........   100%        4    #####..
 Iskenderun's Mystic Bla  Conj           #.......     100%        4    #####..
 Leda's Liquefaction      Hex/Erth       #.........   100%        4    #####..
 Summon Ice Beast         Ice/Summ       #.......     100%        4    #####..
 Bolt of Draining         Conj/Necr      #.........   100%        5    ######.
 Borgnjor's Vile Clutch   Necr/Erth      #.........   100%        5    ######.
 Dispel Undead            Necr           #.......     100%        5    ######.
 Summon Mana Viper        Hex/Summ       #.......     100%        5    ######.
 Simulacrum               Ice/Necr       #.........   100%        6    #######
 Summon Hydra             Summ           #.........   100%        7    #######


Dungeon Overview and Level Annotations

Branches:
Dungeon (15/15)            Temple (1/1) D:7            Lair (6/6) D:8
 Shoals (0/4) Lair:2        Snake (0/4) Lair:2        Slime (0/5) Lair:5
    Orc (2/2) D:12            Elf (1/3) Orc:2        Vaults (0/5) D:13
 Depths: D:15

Altars:
Ashenzari
Cheibriados
Dithmenos
Elyvilon
Fedhas
Gozag
Hepliaklqana
Kikubaaqudgha
Makhleb
Nemelex Xobeh
Okawaru
Qazlal
Ru
Sif Muna
Trog
Uskayaw
Vehumet
Wu Jian
Xom
Yredelemnul
Zin
The Shining One

Shops:
D:5 =   D:8 [   D:10 ?   D:15 ?   Orc:2 :::=

Annotations:
D:5 3 runed doors, whitewolfNL's ghost, novice MiBe
Lair:3 exclusion: oklob plant


Innate Abilities, Weirdness & Mutations

You reflexively headbutt those who attack you in melee.
You have a pair of horns on your head.
You are somewhat resistant to further mutation.
Your muscles are strong. (Str +2)


Message History

* * * LOW HITPOINT WARNING * * *
x2 You feel very sick.
You slash the hippogriff skeleton! You headbutt the hippogriff skeleton!
The hippogriff skeleton is severely damaged.
You are engulfed in dark miasma.
You are more poisoned.
* * * LOW HITPOINT WARNING * * *
x2 You feel extremely sick.
The hippogriff skeleton bites you but does no damage.
The hippogriff skeleton pecks you.
* * * LOW HITPOINT WARNING * * *
You block the hippogriff skeleton's attack.
The rat skeleton bites you but does no damage.
You slash the hippogriff skeleton! You headbutt the hippogriff skeleton.
You destroy the hippogriff skeleton!
That felt strangely unrewarding.
You are engulfed in dark miasma.
You are more poisoned.
* * * LOW HITPOINT WARNING * * *
Your surroundings suddenly seem different.
You die...

#.######.##(###.......)...
##.## #.###(#.#....#>####
##.#.#####.####)#####.#.#
#.###........##)#####.#.#
#..#........).(....##.#.####
#.#.#####..##(###..##.#.....
#.#.###.#..##)# #..##.#####.
#.#.##.#...##.###..##.# #..
#.#.#.###..@..........# #..
#.#..## ##.##.###..##.# #..
#.#.#.###.###.# #..##.####..
#.#.#..#..###.###...#.((..?.
#.#)..#.#...........######..
#.#....##.#.#######.# #.#
#.#.......#(# #.# #.#
#...###...#(# #.# #.#
###..#...##(##### #.# #.#


There were no monsters in sight!

Vanquished Creatures
  Agnes (D:14)
  A reaper (IceCv)
  Azrael (D:12)
  An ettin (D:13)
  4 ogre magi (Orc:2)
  Fannar (Orc:1)
  Erolcha (Orc:2)
  4 hydras
  4 centaur warriors
  A dancing weapon (Elf:1)
  12 two-headed ogres (Orc:2)
  A tengu warrior (D:13)
  The ghost of toffzen the Covert, a novice OpTm of Yredelemnul (D:8)
  2 deep elf knights (Elf:1)
  3 unseen horrors
  A skeletal warrior (D:14)
  2 wizards (D:13)
  A phantasmal warrior (D:13)
  5 deep elf magi (Elf:1)
  A lindwurm (D:13)
  An orc knight (Orc:1)
  An ugly thing zombie (D:15)
  6 ugly things
  2 manticores
  A wolf spider (Lair:6)
  An orc sorcerer (Orc:2)
  An ugly thing skeleton (D:14)
  6 cyclopes
  13 black mambas
  A guardian serpent (Lair:6)
  4 gargoyles
  10 spiny frogs
  A rime drake (Lair:2)
  An efreet (D:14)
  7 komodo dragons
  A kobold demonologist (D:11)
  A redback zombie (D:15)
  5 ice devils (IceCv)
  A hydra zombie (D:15)
  3 trolls
  3 meliai (D:11)
  Grinder (D:5)
  A merfolk (D:14)
  4 hornets
  29 blink frogs
  12 dream sheep
  5 slime creatures (D:15)
  8 hippogriffs
  A meliai zombie (D:14)
  2 spriggans
  A shadow (D:11)
  3 redbacks (Lair:6)
  11 wyverns
  3 wraiths
  A fire dragon skeleton (D:13)
  4 basilisks
  35 yaks
  2 fire elementals (D:12)
  6 vampire mosquitoes
  A hungry ghost (D:14)
  2 acid dragons
  4 nagas (Lair:2)
  6 wargs
  A soldier ant (D:13)
  15 water moccasins
  4 hell hounds (D:12)
  4 porcupines
  An elf skeleton (D:13)
  14 orc warriors
  7 sky beasts
  3 ice beasts
  3 black bears
  2 necrophages (D:11)
  32 ogres
  32 wolves
  16 centaurs
  14 crocodiles
  7 big kobolds
  A hippogriff zombie (D:14)
  17 bullfrogs
  A gnoll sergeant (D:11)
  A cyclops zombie (D:14)
  A wyvern zombie (D:10)
  A hippogriff skeleton (D:14)
  2 scorpions
  A water moccasin skeleton (D:7)
  3 jellies
  6 killer bees (D:11)
  19 wights
  4 howler monkeys
  2 electric eels (Lair:6)
  5 crimson imps
  A basilisk zombie (D:15)
  5 centaur zombies
  A quasit (D:12)
  4 bullfrog zombies
  15 orc priests
  11 hounds
  19 orc wizards
  4 bullfrog skeletons
  10 centaur skeletons
  9 iguanas
  A basilisk skeleton (D:14)
  9 worker ants
  2 hell rats (Lair:1)
  A hound zombie (D:9)
  2 hound skeletons
  11 adders
  10 river rats (Lair:1)
  3 shadow imps
  16 white imps
  8 ufetubi (IceCv)
  2 worm zombies
  2 oozes
  An orc zombie (D:14)
  5 adder skeletons
  An adder zombie (D:8)
  3 worms
  2 dart slugs
  5 leopard geckos
  79 orcs
  A bat skeleton (D:13)
  7 giant cockroaches
  5 goblins
  6 hobgoblins
  6 jackals
  37 kobolds
  3 quokkas
  2 ball pythons
  5 bats
  A dart slug zombie (D:15)
  6 frilled lizards
  A giant cockroach zombie (D:15)
  A goblin zombie (D:14)
  A jackal zombie (D:6)
  A kobold zombie (D:14)
  A leopard gecko zombie (D:14)
  A quokka skeleton (D:4)
  6 rats
  A fungus (D:2)
813 creatures vanquished.

Vanquished Creatures (others)
  A tengu conjurer (D:13)
  A sky beast (D:14)
  A cyclops skeleton (D:14)
  A black bear skeleton (D:14)
  3 white imps (IceCv)
  7 ufetubi (IceCv)
  2 kobolds
  24 fungi
  34 plants
74 creatures vanquished.

Grand Total: 887 creatures vanquished

Notes
Turn   | Place    | Note
-------+----------+-------------------------------------------
     0 | D:1      | greenice the Minotaur Fighter began the quest for the Orb.
     0 | D:1      | Reached XP level 1. HP: 19/19 MP: 0/0
   169 | D:1      | Reached XP level 2. HP: 25/26 MP: 1/1
   867 | D:2      | Reached XP level 3. HP: 18/31 MP: 2/2
   997 | D:2      | Reached skill level 5 in Long Blades
  1411 | D:2      | Reached XP level 4. HP: 39/39 MP: 3/3
  2012 | D:3      | Found a faded altar of an unknown god.
  2290 | D:3      | Found a hide-covered altar of Uskayaw.
  2510 | D:3      | Found a stormy altar of Qazlal.
  2595 | D:4      | Got a bloodstained long sword
  2600 | D:4      | Reached XP level 5. HP: 37/45 MP: 4/4
  2677 | D:4      | Identified the +5 long sword "Foaneph" {protect, rC+ Int+2}
                  | (You found it on level 4 of the Dungeon)
  3518 | D:5      | Entered Level 5 of the Dungeon
  3621 | D:5      | Reached XP level 6. HP: 51/51 MP: 5/5
  3825 | D:5      | Noticed a sky beast
  3839 | D:5      | Killed a sky beast
  3839 | D:5      | Reached XP level 7. HP: 57/57 MP: 6/6
  4054 | D:5      | Found a shattered altar of Ashenzari.
  4148 | D:5      | Found Tuqem's Jewellery Shoppe.
  4301 | D:5      | Reached skill level 10 in Long Blades
  4470 | D:5      | Found a bloodstained altar of Trog.
  4477 | D:5      | Noticed Grinder
  4484 | D:5      | Found a runed gate.
  4484 | D:5      | Found a runed gate.
  4484 | D:5      | Found a runed gate.
  4486 | D:5      | Paralysed by Grinder for 3 turns
  4494 | D:5      | Killed Grinder
  4598 | D:5      | Noticed whitewolfNL's ghost (novice MiBe)
  4898 | D:6      | Reached XP level 8. HP: 64/64 MP: 7/7
  6211 | D:7      | Noticed a hippogriff
  6216 | D:7      | Killed a hippogriff
  6216 | D:7      | Reached XP level 9. HP: 67/70 MP: 8/8
  7230 | D:7      | Found an opulent altar of Gozag.
  7770 | D:7      | Found a staircase to the Ecumenical Temple.
  7776 | Temple   | Entered the Ecumenical Temple
  8060 | D:3      | Became a worshipper of Kikubaaqudgha
  8060 | D:3      | Reached * piety under Kikubaaqudgha
  8060 | D:3      | Identified Kikubaaqudgha's Compendium of Black Secrets
                  | (Kikubaaqudgha gifted it to you on level 3 of the Dungeon)
  8060 | D:3      | Received a gift from Kikubaaqudgha
  8062 | D:3      | Upgraded the game from 0.22.1-5-g62c59d9 to
                  | 0.22.1-6-g1668fe2
  8147 | D:8      | Found Pefiybet's Antique Armour Shop.
  8170 | D:8      | Reached skill level 15 in Long Blades
  8284 | D:8      | Bought a pair of glowing gloves for 172 gold pieces
  8934 | D:8      | Reached ** piety under Kikubaaqudgha
  9330 | D:8      | Found a runed gate.
  9330 | D:8      | Found a runed gate.
  9332 | D:8      | Found a runed gate.
  9333 | D:8      | Noticed toffzen's ghost (novice OpTm)
  9366 | D:8      | Killed toffzen's ghost
  9366 | D:8      | Reached XP level 10. HP: 43/77 MP: 9/9
  9456 | D:8      | Found a staircase to the Lair.
  9540 | D:9      | Reached skill level 4 in Fighting
  9542 | D:9      | Found an iron altar of Okawaru.
  9653 | D:9      | Reached skill level 5 in Fighting
  9704 | D:9      | Reached skill level 6 in Fighting
  9801 | D:9      | Reached skill level 7 in Fighting
 10213 | D:9      | Reached skill level 8 in Fighting
 10620 | D:9      | Found a burning altar of Makhleb.
 10620 | D:9      | Noticed a green death
 10623 | D:9      | Noticed a smoke demon
 10902 | D:10     | Entered Level 10 of the Dungeon
 10942 | D:10     | Reached skill level 9 in Fighting
 10959 | D:10     | Reached *** piety under Kikubaaqudgha
 10959 | D:10     | Identified Kikubaaqudgha's Almanac of Black Secrets
                  | (Kikubaaqudgha gifted it to you on level 10 of the Dungeon)
 10959 | D:10     | Received a gift from Kikubaaqudgha
 11035 | D:10     | Noticed a gargoyle
 11045 | D:10     | Killed a gargoyle
 11248 | D:10     | Reached skill level 10 in Fighting
 11481 | D:10     | Found Mieky's Magic Scroll Emporium.
 11489 | D:10     | Bought a scroll of identify for 24 gold pieces
 11489 | D:10     | Bought a scroll of remove curse for 36 gold pieces
 11489 | D:10     | Bought a scroll of teleportation for 36 gold pieces
 11709 | D:10     | Noticed a centaur warrior
 11719 | D:10     | HP: 4/94 [centaur warrior (2)]
 11720 | D:10     | Killed a centaur warrior
 11720 | D:10     | Reached skill level 11 in Fighting
 11720 | D:10     | Reached XP level 11. HP: 5/102 MP: 10/10
 12239 | D:10     | Gained mutation: Your muscles are strong. (Str +2) [potion
                  | of mutation]
 12239 | D:10     | Gained mutation: You are somewhat resistant to further
                  | mutation. [potion of mutation]
 12410 | D:11     | Noticed a centaur warrior
 12424 | D:11     | Killed a centaur warrior
 12424 | D:11     | Reached skill level 5 in Armour
 13599 | D:11     | Reached skill level 10 in Armour
 13623 | D:11     | Reached **** piety under Kikubaaqudgha
 13868 | D:12     | Noticed Azrael
 14137 | D:12     | Killed Azrael
 14477 | D:12     | Reached XP level 12. HP: 84/110 MP: 11/11
 14583 | D:12     | Found a staircase to the Orcish Mines.
 14879 | D:13     | Reached ***** piety under Kikubaaqudgha
 15435 | Lair:1   | Entered Level 1 of the Lair of Beasts
 16936 | Lair:2   | Found a staircase to the Snake Pit.
 17277 | Lair:2   | Found a staircase to the Shoals.
 17704 | Lair:3   | Reached skill level 15 in Armour
 18422 | Lair:3   | Reached skill level 12 in Fighting
 19061 | Lair:4   | Noticed a seven-headed hydra
 19070 | Lair:4   | Killed a three-headed hydra
 19311 | Lair:4   | Noticed a four-headed hydra
 19322 | Lair:4   | Killed a one-headed hydra
 19322 | Lair:4   | Reached skill level 13 in Fighting
 19370 | Lair:4   | Reached XP level 13. HP: 122/122 MP: 12/12
 20660 | Lair:5   | Reached skill level 14 in Fighting
 21254 | Lair:5   | Reached skill level 15 in Fighting
 21517 | Lair:5   | Found a staircase to the Slime Pits.
 22045 | Lair:6   | Entered Level 6 of the Lair of Beasts
 22083 | Lair:6   | Reached skill level 16 in Fighting
 22314 | Lair:6   | Reached ****** piety under Kikubaaqudgha
 22875 | Lair:6   | Reached skill level 17 in Fighting
 23563 | Lair:5   | Reached XP level 14. HP: 109/140 MP: 13/13
 24297 | Lair:6   | Reached skill level 18 in Fighting
 25130 | Lair:6   | Got a slimy fustibalus
 25494 | Orc:1    | Entered Level 1 of the Orcish Mines
 25501 | Orc:2    | Entered Level 2 of the Orcish Mines
 25533 | Orc:1    | Noticed Erolcha
 25540 | Orc:2    | Killed Erolcha
 25556 | Orc:2    | Found a staircase to the Elven Halls.
 25591 | Orc:1    | Noticed Fannar
 25620 | Orc:1    | Killed Fannar
 25795 | Orc:1    | Found a frozen archway.
 25839 | IceCv    | Entered an ice cave
 26064 | IceCv    | Noticed a reaper
 26083 | IceCv    | Killed a reaper
 27097 | Orc:1    | Reached skill level 19 in Fighting
 28196 | Orc:2    | Paralysed by an ogre mage for 7 turns
 28365 | Orc:2    | Reached skill level 20 in Fighting
 28449 | Orc:2    | Found Cenaem's Jewellery Emporium.
 28449 | Orc:2    | Found Vaosaale's Book Boutique.
 28450 | Orc:2    | Found Pamext's Book Boutique.
 28450 | Orc:2    | Found Baewimew's Book Shoppe.
 29091 | Elf:1    | Entered Level 1 of the Elven Halls
 29214 | Elf:1    | Reached XP level 15. HP: 92/157 MP: 14/14
 29713 | D:13     | Reached skill level 21 in Fighting
 29760 | D:13     | Found a gate to the Vaults.
 30126 | D:13     | Found an iron altar of Okawaru.
 30152 | D:13     | Fell from the grace of Kikubaaqudgha
 30152 | D:13     | Became a worshipper of Warmaster Okawaru
 30667 | D:14     | Found a shimmering altar of Xom.
 30720 | D:14     | Noticed Agnes
 30960 | D:14     | Killed Agnes
 30960 | D:14     | Reached * piety under Okawaru
 31426 | D:14     | HP: 7/156 [poison (dark miasma)]
 32001 | D:15     | Entered Level 15 of the Dungeon
 32089 | D:15     | Reached skill level 22 in Fighting
 32523 | D:15     | Reached ** piety under Okawaru
 32692 | D:15     | Found Vearghi's Magic Scroll Emporium.
 32816 | D:14     | HP: 5/161 [poison (dark miasma)]
 32916 | D:14     | HP: 5/160 [something (4)]
 32916 | D:14     | Succumbed to poison (dark miasma)

Skill      XL: |  1  2  3  4  5  6  7  8  9 10 11 12 13 14 15 |
---------------+----------------------------------------------+-----
Long Blades    | 3 4 5 6 7 9 11 13 16 | 16.3
Fighting       | 11 13 17 20 22 | 22.5
Armour         | 12 15 | 15.0
Shields        | |  3.6

Action                   |  1- 3 |  4- 6 |  7- 9 | 10-12 | 13-15 || total
-------------------------+-------+-------+-------+-------+-------++-------
Melee: Long sword        |    73 |   116 |   344 |   796 |  1458 ||  2787
       Headbutt          |    10 |    20 |    63 |   207 |   423 ||   723
       Scimitar          |       |       |       |    10 |     8 ||    18
Evoke: Wand              |       |       |       |       |     7 ||     7
  Use: Scroll            |       |     2 |       |    18 |    14 ||    34
       Potion            |       |       |     3 |    15 |     9 ||    27
 Stab: Distracted        |       |       |       |       |     1 ||     1
  Eat: Chunk             |     2 |     7 |    11 |    13 |    27 ||    60
       Ration            |       |       |     2 |     6 |     5 ||    13
Armor: Scale mail        |    20 |    42 |   137 |    49 |       ||   248
       Plate armour      |       |       |       |   439 |   839 ||  1278
Dodge: Dodged            |    14 |    31 |    70 |   212 |   309 ||   636
Block: Shield            |    27 |    51 |   113 |   357 |   652 ||  1200
       Rpst.: Long sword |     2 |    11 |    23 |    57 |    73 ||   166
